Map: Acid Plant LE

Players

MarineLorD - Winner!

  • Race: Terran Terran
  • League: Master
  • Spawn Location: 11:00

Rail

  • Race: Protoss Protoss
  • League: Master
  • Spawn Location: 5:00

Event: HomeStory Cup XVIII

VOD

Have the link to the VOD?

Description

Time

  • Played on: Nov. 22, 2018, 7:40 a.m.
  • Length: 14:37

All games in this series

Show
View Real Time Build Order
Export as new Build Order

MarineLorD Terran - Winner!

Build Orders:  

Get SALT Encoding   

  12  0:00  SCV  
  13  0:12  SCV  
  14  0:16  Supply Depot  
  14  0:24  SCV  
  15  0:38  SCV  
  15  0:40  Barracks  
  16  0:45  Refinery  
  16  0:50  SCV  
  17  1:02  SCV  
  18  1:14  SCV  
  19  1:27  Barracks Reactor, Orbital Command  
  19  1:41  Command Center  
  19  1:50  Supply Depot  
  19  1:52  SCV  
  20  2:03  Marine x2  
  20  2:05  SCV  
  23  2:11  Factory  
  23  2:17  SCV  
  23  2:21  Marine x2  
  26  2:29  SCV  
  27  2:31  Refinery  
  27  2:39  Marine x2  
  27  2:41  SCV  
  30  2:52  Orbital Command  
  30  2:53  SCV  
  31  2:58  Marine x2  
  33  3:05  SCV  
  33  3:11  Factory Tech Lab  
  34  3:15  Armory  
  34  3:16  Marine  
  34  3:18  SCV x2  
  34  3:19  Marine  
  38  3:26  Supply Depot  
  38  3:31  Siege Tank  
  38  3:33  SCV  
  42  3:34  SCV  
  42  3:39  Marine x2  
  45  3:46  Supply Depot, SCV  
  46  3:53  SCV  
  47  3:57  Marine x2  
  47  3:58  SCV  
  47  4:02  Drilling Claws  
  49  4:03  Siege Tank  
  49  4:06  Bunker  
  49  4:08  SCV  
  53  4:15  Marine x2  
  53  4:17  Barracks  
  55  4:19  Supply Depot  
  55  4:20  SCV  
  55  4:23  SCV  
  57  4:33  Marine x2  
  57  4:35  Starport  
  57  4:36  Siege Tank  
  62  4:40  SCV x2  
  64  4:51  Marine x2  
  64  4:52  SCV x2  
  68  5:03  Supply Depot  
  68  5:04  Supply Depot, SCV, Barracks Tech Lab  
  68  5:05  Supply Depot  
  69  5:08  SCV  
  70  5:17  Supply Depot  
  70  5:22  SCV x2  
  70  5:24  Medivac  
  70  5:26  Supply Depot  
  71  5:30  Stimpack  
  71  5:33  Barracks  
  71  5:36  Marine  
  71  5:37  SCV  
  71  5:40  Widow Mine x2, Marine  
  71  5:41  Refinery  
  78  5:43  SCV  
  78  5:45  Supply Depot  
  78  5:49  SCV  
  80  5:56  Command Center  
  80  5:57  SCV  
  80  5:59  Marine x2  
  80  6:01  SCV  
  80  6:02  Widow Mine  
  80  6:03  Widow Mine  
  85  6:10  Medivac  
  86  6:11  Combat Shield  
  86  6:14  SCV  
  88  6:19  Marauder x2  
  88  6:24  Supply Depot, Refinery  
  91  6:30  Barracks Reactor  
  91  6:33  Barracks  
  91  6:36  Widow Mine x2  
  91  6:38  Barracks  
  95  6:41  Marine x2  
  97  6:57  Widow Mine  
  97  6:58  Widow Mine  
  97  6:59  Marauder  
  97  7:00  SCV  
  104  7:07  Marine x2, Marauder  
  108  7:08  SCV  
  108  7:10  Starport Reactor  
  108  7:13  SCV  
  110  7:19  Widow Mine x2  
  110  7:22  SCV  
  110  7:26  Orbital Command  
  110  7:27  Marine x2, Barracks Reactor, Barracks Tech Lab  
  110  7:28  Marauder  
  110  7:38  Marauder  
  110  7:40  Widow Mine x2  
  110  7:44  Engineering Bay x2  
  116  7:45  Marine  
  116  7:46  SCV  
  116  7:49  Marauder  
  118  7:52  Medivac x2  
  118  7:54  Orbital Command  
  122  8:01  SCV x2  
  122  8:07  Marauder, Marine  
  122  8:08  Marine x2  
  122  8:12  Marauder  
  129  8:13  SCV  
  129  8:14  Terran Infantry Weapons Level 1  
  129  8:15  Terran Infantry Armor Level 1  
  128  8:21  SCV x2  
  128  8:25  SCV  
  128  8:26  Supply Depot  
  131  8:31  Marine  
  131  8:32  Widow Mine x2  
  136  8:34  Medivac x2  
  136  8:35  SCV  
  141  8:43  SCV  
  136  8:49  Marine  
  136  8:50  Marauder  
  136  8:53  Supply Depot  
  136  8:54  Marine x2, Marauder  
  136  8:55  Supply Depot  
  143  8:56  Refinery x2  
  143  8:59  Widow Mine x2  
  143  9:02  SCV  
  148  9:03  Marine  
  148  9:07  Marauder  
  149  9:12  Marauder, Medivac  
  149  9:13  Medivac  
  149  9:14  Marine x2  
  149  9:15  Marauder  
  149  9:21  Marine  
  145  9:28  Marauder  
  145  9:29  Widow Mine x2  
  151  9:36  Command Center  
  151  9:37  Marine x3, Marauder  
  151  9:38  Marauder  
  158  9:42  Medivac  
  158  9:43  Missile Turret  
  160  9:50  Marauder, Marine, Sensor Tower  
  163  9:55  Marine  
  163  9:59  Marauder  
  141  10:01  Marine  
  141  10:02  Marauder  
  129  10:09  Marine  
  129  10:10  Marine  
  129  10:11  Marauder  
  129  10:13  Marine  
  130  10:16  SCV x2  
  130  10:19  Marine, Barracks  
  130  10:20  Marauder, Barracks  
  135  10:23  Marauder, Barracks  
  135  10:26  Liberator x2  
  135  10:27  Marine  
  135  10:28  Marine  
  134  10:32  Marauder  
  134  10:35  Marine  
  117  10:39  Widow Mine x2  
  117  10:42  Marauder  
  108  10:44  Marine  
  108  10:45  Marauder, Marine  
  108  10:46  Marine  
  119  10:55  Marauder  
  112  10:57  Marine  
  112  11:02  Widow Mine x2  
  112  11:03  Marauder  
  99  11:06  Marauder  
  81  11:14  Marine  
  81  11:16  Marauder, Orbital Command  
  80  11:22  Marine x3  
  80  11:23  Marine x3  
  80  11:24  Marauder  
  83  11:26  Medivac x2  
  87  11:36  Marine  
  87  11:37  Marauder, Marine  
  87  11:39  Liberator  
  89  11:47  Marauder  
  89  11:55  SCV x3  
  89  11:56  Marauder  
  89  11:58  Marauder  
  98  12:04  Widow Mine x2  
  103  12:08  Marauder  
  103  12:11  Marine x3  
  103  12:12  Marine  
  103  12:14  SCV x2  
  103  12:15  SCV  
  109  12:17  Marauder  
  109  12:18  Marine  
  109  12:20  Marauder  
  109  12:21  Liberator x2  
  95  12:26  Marine  
  95  12:29  Marine, Marauder  
  88  12:38  Marauder  
  88  12:40  Marine  
  88  12:41  Marauder  
  80  12:52  Marine x2  
  80  12:54  Marine x2  
  80  12:58  Marine  
  83  13:00  SCV x3  
  84  13:06  Marine  
  84  13:07  Marine x2  
  84  13:11  Marine x2  
  84  13:12  SCV x2  
  91  13:14  Liberator  
  91  13:17  Marauder, Marine  
  91  13:18  Marine x2  
  91  13:19  Liberator  
  96  13:24  Marine x2  
  98  13:29  Marauder, Marine x2  
  105  13:38  Marauder  
  105  13:39  Marine x2  
  112  13:42  Marine  
  112  13:43  Marine, Marauder  
  112  13:47  Marine  
  117  13:51  Marine, Marauder  
  120  13:56  Marine  
  120  14:00  Marauder  
  115  14:03  Marine  
  115  14:04  Marauder  
  115  14:08  Marine x3  
  121  14:13  Marauder  
Show
View Real Time Build Order
Export as new Build Order

Rail Protoss 

Build Orders: 1 Gate Expand, Colossus Rush 

Get SALT Encoding   

  12  0:00  Probe  
  13  0:12  Probe  
  14  0:17  Pylon  
  14  0:24  Probe  
  15  0:32  Probe  
  15  0:37  Gateway  
  15  0:40  Probe  
  16  0:46  Assimilator  
  17  0:51  Probe  
  18  1:03  Probe  
  19  1:19  Nexus  
  19  1:27  Cybernetics Core  
  19  1:30  Probe  
  20  1:35  Assimilator  
  20  1:43  Probe  
  20  1:45  Pylon  
  21  1:55  Adept, Probe  
  22  2:07  Probe  
  25  2:11  Robotics Facility  
  25  2:19  Probe  
  25  2:20  Warp Gate  
  26  2:24  Adept  
  26  2:27  Probe  
  28  2:31  Probe  
  28  2:35  Probe  
  30  2:43  Probe  
  32  2:45  Probe  
  32  2:51  Immortal  
  33  2:52  Stalker  
  36  3:04  Probe  
  40  3:08  Probe  
  39  3:14  Gateway  
  39  3:18  Warp Prism, Gateway  
  39  3:23  Sentry  
  43  3:35  Probe  
  43  3:38  Pylon, Probe  
  45  3:47  Probe  
  46  3:49  Observer  
  46  3:55  Pylon  
  46  3:56  Probe  
  46  3:59  Probe  
  49  4:06  Nexus  
  49  4:08  Probe  
  50  4:12  Probe  
  51  4:20  Probe  
  51  4:22  Zealot x2  
  51  4:23  Stalker  
  58  4:25  Probe  
  58  4:29  Assimilator  
  58  4:31  Assimilator  
  57  4:35  Probe  
  58  4:38  Robotics Bay  
  58  4:42  Pylon, Probe  
  59  4:50  Probe, Immortal  
  60  4:54  Probe  
  60  4:55  Pylon  
  61  5:01  Pylon  
  61  5:02  Probe  
  61  5:05  Twilight Council  
  66  5:08  Probe  
  66  5:11  Colossus  
  67  5:18  Probe  
  68  5:24  Blink  
  68  5:25  Probe  
  68  5:26  Probe  
  70  5:30  Probe  
  70  5:33  Extended Thermal Lance  
  77  5:37  Gateway, Probe  
  78  5:43  Gateway  
  78  5:46  Probe x2  
  80  5:50  Sentry  
  80  5:54  Colossus  
  82  6:01  Probe x2  
  82  6:02  Stalker x2  
  88  6:04  Probe  
  88  6:06  Pylon  
  95  6:13  Probe x2  
  95  6:17  Pylon  
  97  6:19  Probe  
  97  6:24  Pylon  
  97  6:25  Zealot, Stalker, Probe  
  101  6:32  Forge x2  
  103  6:46  Stalker  
  103  6:47  Zealot x2  
  107  6:48  Stalker  
  107  6:49  Stalker  
  107  6:50  Probe  
  107  6:52  Assimilator  
  107  6:54  Pylon  
  114  6:59  Probe  
  107  7:03  Probe  
  107  7:05  Probe  
  107  7:07  Probe  
  107  7:09  Stalker  
  107  7:10  Stalker  
  112  7:19  Probe  
  112  7:20  Probe  
  114  7:25  Charge  
  114  7:26  Stalker x3  
  114  7:28  Observer, Protoss Ground Weapons Level 1  
  120  7:31  Probe  
  115  7:37  Probe  
  115  7:38  Probe  
  115  7:43  Probe  
  117  7:45  Assimilator  
  117  7:46  Observer  
  117  7:47  Photon Cannon  
  118  7:52  Probe  
  118  7:54  Probe  
  118  7:55  Probe  
  121  7:58  Pylon  
  121  8:00  Pylon, Probe  
  121  8:02  Protoss Ground Armor Level 1  
  121  8:04  Probe  
  120  8:07  Probe  
  120  8:08  Probe  
  120  8:09  Photon Cannon  
  120  8:12  Probe  
  122  8:13  Photon Cannon  
  122  8:15  Pylon  
  122  8:17  Pylon  
  122  8:19  Probe  
  125  8:21  Disruptor  
  126  8:31  Stalker  
  126  8:32  Zealot x3  
  136  8:36  Pylon  
  134  8:46  Stalker  
  134  8:49  Gateway  
  134  8:50  Disruptor  
  134  8:57  Stalker x2  
  134  9:01  Stalker x2  
  145  9:09  Probe x2  
  141  9:12  Probe  
  125  9:20  Probe  
  125  9:21  Probe  
  115  9:24  Stalker x2, Sentry, Probe  
  115  9:25  Sentry  
  115  9:28  Probe  
  115  9:29  Warp Prism, Probe  
  126  9:36  Probe  
  126  9:37  Probe x2  
  131  9:47  Probe  
  131  9:48  Probe x2  
  131  9:51  Observer  
  134  9:59  Probe  
  125  10:00  Probe  
  125  10:04  Disruptor, Probe  
  120  10:13  Sentry, Stalker x2  
  120  10:14  Sentry  
  124  10:18  Stalker x2  
  114  10:28  Probe  
  114  10:34  Probe  
  101  10:40  Disruptor  
  98  10:43  Sentry, Stalker  
  98  10:44  Stalker x3  
  98  10:46  Stalker  
  98  10:48  Probe  
  103  11:00  Probe  
  103  11:03  Probe  
  95  11:08  Stalker  
  95  11:09  Stalker x3  
  91  11:15  Sentry, Stalker  
  91  11:16  Observer  
  94  11:36  Stalker x4  
  94  11:39  Zealot, Stalker  
  106  11:50  Probe  
  106  11:51  Probe  
  106  11:53  Probe  
  106  11:54  Stalker  
  111  11:58  Stalker  
  111  11:59  Stalker  
  111  12:00  Zealot x2  
  117  12:09  Disruptor  
  117  12:12  Stalker  
  117  12:13  Protoss Ground Weapons Level 2  
  109  12:28  Stalker  
  109  12:29  Zealot x4  
  108  12:36  Disruptor  
  94  12:39  Stalker  
  88  12:44  Probe  
  78  12:53  Zealot x4  
  78  12:56  Sentry, Stalker  
  78  12:57  Stalker  
  74  13:00  Zealot x3  
  80  13:08  Gateway  
  80  13:19  Stalker x2  
  84  13:20  Stalker  
  84  13:23  Stalker  
  84  13:24  Zealot  
  90  13:33  Sentry  
  92  13:48  Immortal  
  92  13:50  Nexus  
  92  13:52  Stalker x2  
  100  13:57  Stalker  
  100  14:02  Sentry, Stalker  
  106  14:03  Sentry  
  105  14:15  Stalker  
  105  14:21  Stalker x2  
Tags
 
Add a new tag
Caveats
  • Supply blocks, unpowered buildings, or Contaminate may cause inaccurate times.
  • Supply counts are checked every 10 seconds.